Unix NetHack Version 3.7.0-87 Work-in-progress - last build Jul 6 2023 03:31:47 (95ed96c5f904f8c939670f77da02ce65a080bf33,branch:master). Game began 2023-07-16 09:44:34, ended 2023-07-16 10:50:30. elenmirie, lawful female human Knight # #@a### #---.----- #|.......| #|.......| #...<....| |....{..| --------- Elenmirie the Esquire St:15 Dx:10 Co:12 In:7 Wi:15 Ch:18 Lawful Dlvl:6 $:4 HP:0(41) Pw:42(42) AC:1 Xp:5/174 T:3603 Burdened Latest messages: Arod knocks the brown mold back with a forceful blow! Arod is suddenly very cold! Arod bites the brown mold. Arod is suddenly very cold! You hit the brown mold! You are suddenly very cold! You hit the brown mold. You are suddenly very cold! You miss the brown mold. You are suddenly very cold! You hit the brown mold. You miss the brown mold. You are suddenly very cold! You hit the brown mold. You are suddenly very cold! You hit the brown mold. You are suddenly very cold! Arod picks up a gold piece. You have a little trouble lifting $ - 3 gold pieces. Arod drops a gold piece. You have a little trouble lifting $ - a gold piece (4 in total). You hear bubbling water. You hear someone counting gold coins. You stop searching. Arod misses the grid bug. Arod bites the grid bug. Arod hits the grid bug. The grid bug is killed! The grid bug misses! Arod hits the grid bug. Arod bites the grid bug. The grid bug is killed! You kill the grid bug! The killer bee misses! You miss the killer bee. The killer bee stings! You miss the killer bee. The killer bee stings! The killer bee misses! The killer bee misses! The killer bee stings! You miss the killer bee. The killer bee stings! The killer bee's sting was poisoned! You die... Do you want your possessions identified? [ynq] (y) y Do you want to see your attributes? [ynq] (y) y Do you want an account of creatures vanquished? [ynaq] (y) y Do you want to see your conduct and achievements? [ynq] (y) y Do you want to see the dungeon overview? [ynq] (y) y Inventory: Coins $ - 4 gold pieces Amulets v - an uncursed amulet of guarding (being worn) Weapons T - an uncursed +0 long sword a - an uncursed rusty +1 long sword (weapon in hand) b - an uncursed +1 lance (alternate weapon; not wielded) Armor d - an uncursed +0 helmet (being worn) f - an uncursed +0 pair of leather gloves (being worn) P - an uncursed +0 pair of jumping boots (being worn) e - an uncursed +0 small shield (being worn) U - an uncursed +0 leather armor (being worn) Comestibles C - 2 uncursed holy hand grenades g - 10 uncursed apples h - 14 uncursed carrots M - 3 uncursed food rations k - 2 uncursed tripe rations Rings s - an uncursed +1 ring of protection (on right hand) F - an uncursed ring of slow digestion Wands x - an uncursed wand of opening (0:4) Tools w - an uncursed sack containing 21 items Contents of the sack: 101 gold pieces an uncursed scroll of amnesia an uncursed scroll of identify an uncursed scroll of magic mapping 2 uncursed scrolls of remove curse an uncursed potion of blindness a cursed potion of confusion a blessed potion of enlightenment an uncursed potion of enlightenment an uncursed potion of hallucination an uncursed potion of oil an uncursed potion of see invisible a blessed potion of sickness an uncursed potion of speed an uncursed ring of conflict an uncursed ring of fire resistance an uncursed ring of free action a blessed +1 ring of increase accuracy an uncursed -2 ring of increase accuracy an uncursed ring of invisibility an uncursed ring of warning Elenmirie the Knight's attributes: Background: You were an Esquire, a level 5 female human Knight. You were lawful, on a mission for Lugh who was opposed by Brigit (neutral) and Manannan Mac Lir (chaotic). You were in the Dungeons of Doom, on level 6. You entered the dungeon 3603 turns ago. You had 174 experience points, 146 more were needed to attain level 6. Basics: You had 0 out of 41 hit points. You had all 42 energy points (spell power). Your armor class was 1. Your wallet contained 4 zorkmids, and you had 101 more stashed away in your pack. Autopickup was on for '$' plus thrown. Final Characteristics: Your strength was 15 (limit:18/100). Your dexterity was 10 (limit:18). Your constitution was 12 (limit:18). Your intelligence was 7 (limit:18). Your wisdom was 15 (limit:18). Your charisma was 18 (limit:18). Final Status: You were not hungry. You were burdened; movement was slightly slowed. You were wielding a long sword. You had basic skill with long sword and could have enhanced that. Final Attributes: You were piously aligned. You were fire resistant. You could jump. You had a small defense bonus (+3). You were protected. You are dead. Miscellaneous: You never encountered a bones level. Total elapsed playing time was 1 hour, 5 minutes and 50 seconds. Major events: Turn 1: elenmirie the lawful female human Knight entered the dungeon 1593: attained the rank of Esquire (level 3) 3603: killed by a killer bee Vanquished creatures: a rock mole a fog cloud a gnome leader a kobold mummy 2 gray oozes a giant ant a kitten 4 homunculi a kobold leader a giant bat a werejackal 3 iguanas a hobbit 2 cave spiders 2 yellow molds a garter snake a gnome zombie 5 geckos 10 jackals 3 foxes 4 sewer rats 9 grid bugs a lichen 2 kobold zombies 7 newts 66 creatures vanquished. No species were genocided or became extinct. Voluntary challenges: You read items or engraved 2 times. You never engraved Elbereth. You never genocided any monsters. You never polymorphed an object. You never changed form. You used no wishes. Achievements: You entered a shop. You attained the rank of Esquire. The Dungeons of Doom: levels 1 to 6 Level 1: Some fountains, a sink. Level 2: A jewelers, a grave. Level 3: An altar. Level 4: Level 5: A general store. Level 6: <- You were here. A fountain. Final resting place for you, killed by a killer bee. Game over: ---------- / \ / REST \ / IN \ / PEACE \ / \ | elenmirie | | 105 Au | | killed by a | | killer bee | | | | | | 2023 | *| * * * | * _________)/\\_//(\/(/\)/\//\/|_)_______ Fare thee well elenmirie the Knight... You died in The Dungeons of Doom on dungeon level 6 with 1041 points, and 105 pieces of gold, after 3603 moves. You were level 5 with a maximum of 41 hit points when you died.